 Dungeon Crawl Stone Soup version 0.19.5 (webtiles) character file.

1067 Haldmier the Ogre Mage (level 8, -1/78 HPs)
             Began as an Ogre Wizard on May 13, 2017.
             Was an Initiate of Ashenzari.
             Slain by a hill giant
             ... wielding a +0 giant spiked club
              (24 damage)
             ... on level 6 of the Dungeon.
             The game lasted 00:21:15 (6758 turns).

Haldmier the Ogre Mage (Ogre Wizard)                Turns: 6758, Time: 00:21:15

Health: -1/78      AC:  5    Str: 15    XL:     8   Next: 28%
Magic:  12/15      EV: 10    Int: 17    God:    Ashenzari [......]
Gold:   289        SH:  0    Dex:  8    Spells: 6 memorised, 4 levels left

rFire  . . .     SeeInvis .     a - +0 flail
rCold  . . .     Gourm    .     D - +0 robe
rNeg   . . .     Faith    .     (no shield)
rPois  .         Spirit   .     y - +0 hat
rElec  .         Reflect  .     q - +1 cloak
rCorr  .         Harm     .     (gloves unavailable)
MR     .....                    (boots unavailable)
Stlth  +.........               r - amulet of magic regeneration
                                (no ring)
                                (no ring)

@: very slightly contaminated, repel missiles
A: unfitting armour, tough skin 1
a: Curse Item, Renounce Religion


You were on level 6 of the Dungeon.
You worshipped Ashenzari.
Ashenzari was noncommittal.
You were not hungry.

You visited 2 branches of the dungeon, and saw 7 of its levels.

You collected 289 gold pieces.

Inventory:

Hand Weapons
 a - a +0 flail (weapon)
 b - a +0 halberd
 x - a +2 dagger of flaming
Missiles
 k - 7 tomahawks
 n - 4 large rocks (quivered)
 v - 2 throwing nets
Armour
 q - a +1 cloak (worn)
 y - a +0 hat (worn)
 D - a +0 robe (worn)
Jewellery
 r - an amulet of magic regeneration (around neck)
Wands
 w - a wand of iceblast (7/15)
 G - a wand of flame (29/48)
Scrolls
 g - a scroll of blinking
 h - 2 scrolls of identify {unknown}
 i - a scroll of remove curse
 l - a scroll of amnesia {unknown}
 p - 3 scrolls of magic mapping
 s - a scroll of noise {unknown}
 t - 2 scrolls of fear {unknown}
 u - a scroll of teleportation {unknown}
 A - a scroll of enchant armour {unknown}
Potions
 e - 4 potions of brilliance {unknown}
 m - 3 potions of curing {unknown}
 o - 2 potions of cure mutation {unknown}
 z - a potion of resistance {unknown}
 C - a potion of invisibility {unknown}
 H - a potion of beneficial mutation {unknown}
 I - a potion of degeneration {unknown}
Books
 c - a book of Minor Magic

   Spells                             Type                      Level
   a - Magic Dart                     Conjuration                  1
   b - Blink                          Translocation                2
   c - Call Imp                       Summoning                    2
   d - Repel Missiles                 Charms/Air                   2
   e - Slow                           Hexes                        2
   f - Conjure Flame                  Conjuration/Fire             3
   g - Mephitic Cloud                 Conjuration/Poison/Air       3
 E - a book of Maledictions

   Spells                             Type                      Level
   a - Corona                         Hexes                        1
   b - Ensorcelled Hibernation        Hexes/Ice                    2
   c - Confuse                        Hexes                        3
   d - Tukima's Dance                 Hexes                        3
   e - Dazzling Spray                 Conjuration/Hexes            3
Comestibles
 d - 4 bread rations
 f - 2 fruits
 j - a beef jerky
 B - 2 meat rations
 F - 6 chunks of flesh


   Skills:
 + Level 3.6 Fighting
 * Level 4.1 Maces & Flails
 - Level 1.7 Dodging
 - Level 1.4 Stealth
 + Level 5.1 Spellcasting
 + Level 2.5 Conjurations
 + Level 1.2 Charms
 + Level 2.1 Summonings
 + Level 2.3 Translocations
 + Level 1.6 Fire Magic
 + Level 1.6 Air Magic
 + Level 1.6 Poison Magic


You had 4 spell levels left.
You knew the following spells:

 Your Spells              Type           Power        Failure   Level  Hunger
a - Magic Dart            Conj           ##..         6%          1    None
b - Blink                 Tloc           N/A          10%         2    #......
c - Call Imp              Summ           ##......     12%         2    #......
d - Conjure Flame         Conj/Fire      ##......     21%         3    ###....
e - Mephitic Cloud        Conj/Pois/Air  ##......     21%         3    ###....
f - Repel Missiles        Chrm/Air       #.....       14%         2    #......


Dungeon Overview and Level Annotations

Branches:
Dungeon (6/15)             Temple (1/1) D:5

Altars:
Ashenzari
Cheibriados
Fedhas
Gozag
Hepliaklqana
Kikubaaqudgha
Makhleb
Nemelex Xobeh
Okawaru
Qazlal
Ru
Sif Muna
Trog
Vehumet
Xom
Yredelemnul
Zin
The Shining One


Innate Abilities, Weirdness & Mutations

You are too large for most types of armour.
You have tough skin. (AC +1)


Message History

The stinking cloud engulfs the howler monkey.
The howler monkey hoots and howls with incredible vigour!
The hill giant is engulfed in noxious fumes.
You now have 9/15 mp.
You hit the hill giant but do no damage.
The hill giant is moderately wounded.
The hill giant is engulfed in noxious fumes.
The hill giant hits you with a giant spiked club!!!
Ouch! That really hurt!
* * * LOW HITPOINT WARNING * * *
The howler monkey is engulfed in noxious fumes.
The howler monkey appears confused.
You take 43 damage, and have 21/78 hp.
MASSIVE DAMAGE!!
The hill giant is engulfed in noxious fumes.
You hear a zap.
You hear a grinding noise.
You hear a zap.
You hear a grinding noise.
You barely miss the howler monkey.
The howler monkey is lightly wounded.
The hill giant hits you with a giant spiked club!!
You die...

......## ..>....# .......#
.[.....# ......# ######
#....## ##....# #<####
##..##.# #÷## #.C##..# #..##
#@###.## ##..######
#.###.#######
.........#######.h.........##
##..####..##.............>..##
##....##..#.................#
#..÷.......................#
.##..........................#
.............................#
........).###.#..............#


You could see a hill giant and a howler monkey (confused).

Vanquished Creatures
  A sky beast (D:4)
  An ice beast (D:5)
  A centaur (D:6)
  2 bullfrogs (D:6)
  A water moccasin skeleton (D:5)
  A howler monkey (D:4)
  A crimson imp (D:5)
  A hound (D:4)
  2 orc priests
  2 orc wizards
  2 iguanas (D:5)
  3 worker ants
  A hound skeleton (D:4)
  7 gnolls
  A howler monkey skeleton (D:4)
  10 adders
  A shadow imp (D:6)
  2 oozes
  4 worms
  A dart slug (D:2)
  A leopard gecko (D:2)
  15 orcs
  9 giant cockroaches
  10 goblins
  10 hobgoblins
  3 quokkas
  8 bats
  2 frilled lizards
  4 kobolds
  10 rats
117 creatures vanquished.

Vanquished Creatures (collateral kills)
  An adder (D:3)
1 creature vanquished.

Grand Total: 118 creatures vanquished

Notes
Turn   | Place    | Note
-------+----------+-------------------------------------------
     0 | D:1      | Haldmier the Ogre Wizard began the quest for the Orb.
     0 | D:1      | Reached XP level 1. HP: 16/16 MP: 5/5
   246 | D:1      | Reached skill level 1 in Conjurations
   362 | D:1      | Reached XP level 2. HP: 26/26 MP: 3/6
   366 | D:1      | Learned a level 2 spell: Blink
   369 | D:1      | Learned a level 2 spell: Call Imp
   466 | D:1      | Reached skill level 1 in Fighting
   898 | D:1      | Reached skill level 4 in Spellcasting
  1024 | D:2      | Found an iron altar of Okawaru.
  1049 | D:2      | Reached XP level 3. HP: 29/33 MP: 2/8
  1456 | D:2      | Reached skill level 1 in Translocations
  1487 | D:2      | Learned a level 3 spell: Mephitic Cloud
  1916 | D:2      | Reached skill level 1 in Maces & Flails
  2215 | D:3      | Reached skill level 1 in Summonings
  2215 | D:3      | Reached XP level 4. HP: 34/41 MP: 3/10
  2467 | D:3      | Reached XP level 5. HP: 49/49 MP: 11/11
  3260 | D:3      | Learned a level 3 spell: Conjure Flame
  3824 | D:4      | Reached XP level 6. HP: 13/58 MP: 7/12
  4075 | D:4      | Reached skill level 1 in Poison Magic
  4081 | D:4      | Learned a level 2 spell: Repel Missiles
  4153 | D:4      | Found a sparkling altar of Nemelex Xobeh.
  4154 | D:4      | Found a shimmering altar of Xom.
  5157 | D:5      | Entered Level 5 of the Dungeon
  5182 | D:5      | Reached skill level 1 in Fire Magic
  5182 | D:5      | Reached skill level 1 in Air Magic
  5206 | D:5      | Found a staircase to the Ecumenical Temple.
  5233 | D:5      | Noticed a sky beast
  5234 | D:5      | Reached XP level 7. HP: 47/66 MP: 12/14
  5237 | Temple   | Entered the Ecumenical Temple
  5771 | D:5      | Found a shattered altar of Ashenzari.
  5777 | D:5      | Became a worshipper of Ashenzari the Shackled
  6026 | D:5      | Found a radiant altar of Vehumet.
  6052 | D:5      | Reached skill level 1 in Charms
  6196 | D:6      | Reached skill level 5 in Spellcasting
  6449 | D:6      | Reached XP level 8. HP: 40/75 MP: 15/15
  6717 | D:6      | Noticed a hill giant
  6758 | D:6      | Slain by a hill giant

Skill      XL: |  1  2  3  4  5  6  7  8 |
---------------+-------------------------+-----
Conjurations   | 1 2 |  2.5
Fighting       | 1 2 3 |  3.6
Spellcasting   | 4 5 |  5.1
Translocations | 1 2 |  2.3
Maces & Flails | 1 2 3 4 |  4.1
Summonings     | 1 2 |  2.1
Poison Magic   | 1 |  1.6
Fire Magic     | 1 |  1.6
Air Magic      | 1 |  1.6
Charms         | 1 |  1.2
Dodging        | |  1.7
Stealth        | |  1.4

Action                   |  1- 3 |  4- 6 |  7- 9 || total
-------------------------+-------+-------+-------++-------
Melee: Hand axe          |    65 |   121 |       ||   186
       Unarmed           |     5 |       |       ||     5
       Flail             |       |    74 |   109 ||   183
       Halberd           |       |       |     7 ||     7
Throw: Large rock        |       |       |     3 ||     3
 Cast: Magic Dart        |    95 |    82 |    45 ||   222
       Call Imp          |       |     3 |       ||     3
       Mephitic Cloud    |       |     7 |    12 ||    19
       Conjure Flame     |       |     1 |     3 ||     4
       Blink             |       |       |     1 ||     1
       Repel Missiles    |       |       |     1 ||     1
  Use: Scroll            |       |       |     2 ||     2
 Stab: Distracted        |     1 |       |       ||     1
       Confused          |       |     3 |     5 ||     8
       Sleeping          |       |     2 |       ||     2
  Eat: Chunk             |     4 |     9 |     6 ||    19
       Pizza             |       |     1 |       ||     1
Armor: Robe              |    25 |    56 |    31 ||   112
Dodge: Dodged            |    42 |   117 |    47 ||   206
       Deflected         |       |       |     1 ||     1
